 Dungeon Crawl Stone Soup version 0.21.0-37-g46506fa (webtiles) character file.

25 wojtek the Grave Robber (level 2, -4/19 HPs)
             Began as a Demonspawn Necromancer on Jan 30, 2018.
             Slain by a hound (5 damage)
             ... on level 2 of the Dungeon.
             The game lasted 00:03:38 (2473 turns).

wojtek the Grave Robber (Demonspawn Necromancer)    Turns: 2473, Time: 00:03:38

Health: -4/19      AC:  2    Str:  8    XL:     2   Next: 82%
Magic:  1/5        EV: 12    Int: 16    God:
Gold:   77         SH:  0    Dex: 13    Spells: 4/5 levels left

rFire    . . .     SeeInvis .   l - +0 club
rCold    + . .     Gourm    .   (no shield)
rNeg     . . .     Faith    .   a - +0 robe
rPois    .         Spirit   .   (no helmet)
rElec    .         Reflect  .   (no cloak)
rCorr    .         Harm     .   (no gloves)
MR       .....                  (no boots)
Stlth    ++........             (no amulet)
HPRegen  0.06/turn              k - ring of protection from cold
MPRegen  0.09/turn              (no ring)

@: no status effects
A: hooves 1
a: no special abilities


You were on level 2 of the Dungeon.
You were not hungry.

You visited 1 branch of the dungeon, and saw 2 of its levels.

You collected 77 gold pieces.

Inventory:

Hand Weapons
 l - a +0 club (weapon)
Armour
 a - a +0 robe (worn)
Jewellery
 k - a ring of protection from cold (left hand)
Scrolls
 d - a scroll of teleportation {unknown}
 g - a scroll of amnesia {unknown}
 h - 2 scrolls of enchant armour {unknown}
 m - a scroll of magic mapping {unknown}
 n - a scroll of fog {unknown}
 q - 3 scrolls of identify {unknown}
 r - a scroll of remove curse {unknown}
Potions
 e - 3 potions of invisibility {unknown}
 f - a potion of heal wounds {unknown}
 i - a potion of resistance {unknown}
 j - a potion of mutation {unknown}
 o - a potion of berserk rage {unknown}
 p - a potion of might {unknown}
 t - 2 potions of lignification {unknown}
Books
 b - a book of Necromancy

   Spells                             Type                      Level
   a - Pain                           Necromancy                   1
   b - Animate Skeleton               Necromancy                   1
   c - Vampiric Draining              Necromancy                   3
   d - Regeneration                   Charms/Necromancy            3
   e - Animate Dead                   Necromancy                   4
   f - Borgnjor's Vile Clutch         Necromancy/Earth             5
Comestibles
 c - a ration


   Skills:
 - Level 1.7 Dodging
 - Level 1.7 Stealth
 - Level 2.0 Spellcasting
 + Level 5.4 Necromancy


You had 4 spell levels left.
You knew the following spells:

 Your Spells              Type           Power        Failure   Level  Hunger
a - Pain                  Necr           ###.         2%          1    #......


Dungeon Overview and Level Annotations

Branches:
Dungeon (2/15)

Altars:
Nemelex Xobeh
Vehumet


Innate Abilities, Weirdness & Mutations

You have large cloven feet.


Message History

Casting: Pain
Confirm with . or Enter, or press ? or * to list all spells.
You don't have enough magic to cast that spell.
No previous command to re-do.
You barely miss the hound. Your kick misses the hound.
The hound is moderately wounded.
The hound bites you.
* * * LOW HITPOINT WARNING * * *
The hound bites you but does no damage.
Casting: Pain
Confirm with . or Enter, or press ? or * to list all spells.
You don't have enough magic to cast that spell.
Unknown command.
The hound barely misses you. The hound closely misses you. The hound bites you.
* * * LOW HITPOINT WARNING * * *
The hound barely misses you. The hound bites you.
You die...

#..........#
#.##.......#
#?##.#)##.....
#......# #####
####.### #.#
########## #.#
........#####h#
###.####......@#
#.....##..####.#
.......#..# #.#
.......#.## ..#
..._.....## ##.#
.......#..#.##.#
.......#........
#.....##.##.##..
###.####.# .#


You could see a hound.

Vanquished Creatures
  A leopard gecko (D:2)
  4 bats
  2 giant cockroaches (D:1)
  A goblin (D:2)
  5 hobgoblins
  3 quokkas (D:2)
  A frilled lizard (D:2)
  A kobold (D:1)
  3 rats (D:1)
  3 bushes (D:1)
24 creatures vanquished.

Notes
Turn   | Place    | Note
-------+----------+-------------------------------------------
     0 | D:1      | wojtek the Demonspawn Necromancer began the quest for the Orb.
     0 | D:1      | Reached XP level 1. HP: 13/13 MP: 3/3
   434 | D:1      | Gained mutation: You have large cloven feet. [demonic ancestry]
   434 | D:1      | Reached XP level 2. HP: 16/19 MP: 0/5
   524 | D:1      | Reached skill level 5 in Necromancy
  1814 | D:2      | Found a radiant altar of Vehumet.
  2420 | D:2      | Found a sparkling altar of Nemelex Xobeh.
  2473 | D:2      | Slain by a hound

Skill      XL: |  1  2 |
---------------+-------+-----
Necromancy     | 5 |  5.4
Dodging        | |  1.7
Stealth        | |  1.7
Spellcasting   | |  2.0

Action                   || total
-------------------------++-------
Melee: Club              ||   702
       Kick              ||   308
       Unarmed           ||    12
 Cast: Pain              ||    52
  Eat: Chunk             ||     5
       Ration            ||     1
Armor: Robe              ||     5
Dodge: Dodged            ||    20
